 Dungeon Crawl Stone Soup version 0.22.0-32-gbc6daba (console) character file.

1595 removed the Destroyer (level 8, -5/69 HPs)
             Began as a Deep Dwarf Wizard on Aug 23, 2018.
             Slain by a yak (10 damage)
             ... on level 6 of the Dungeon.
             The game lasted 00:23:55 (8043 turns).

removed the Destroyer (Deep Dwarf Wizard)           Turns: 8043, Time: 00:23:56

Health: -5/69      AC:  4    Str: 11    XL:     8   Next: 62%
Magic:  2/15       EV: 18    Int: 26    God:
Gold:   103        SH:  0    Dex: 16    Spells: 8/17 levels left

rFire    + . .     SeeInvis .   a - +0 flail "Efeepsuc" {vamp, +Rage}
rCold    + . .     Gourm    .   (no shield)
rNeg     . . .     Faith    .   f - +0 robe
rPois    .         Spirit   .   B - +1 helmet
rElec    .         Reflect  .   y - scarf {rC+ rF+}
rCorr    .         Harm     .   (no gloves)
MR       +++..     Clarity  +   I - +0 pair of boots
Stlth    +++.......             o - amulet of regeneration
HPRegen  0.00/turn              M - ring of protection from magic
MPRegen  0.14/turn              (no ring)

@: brilliant, agile, berserk cooldown, non-regenerating, slowed, very slow
A: damage resistance, heal wounds, clarity, deformed body, magic resistance 1,
sense surroundings 1, no regeneration
a: Heal Wounds, Evoke Berserk Rage


You were on level 6 of the Dungeon.
You were not hungry.

You visited 1 branch of the dungeon, and saw 6 of its levels.
You also visited: Ossuary.

You collected 103 gold pieces.

Inventory:

Hand Weapons
 a - the +0 flail "Efeepsuc" (weapon) {vamp, +Rage}
   (You found it on level 4 of the Dungeon)

   It inflicts no extra harm, but heals its wielder when it wounds a living foe.
   It lets you go berserk.
 b - a +0 hand axe
 l - a +0 club
 n - a +0 dagger
 z - a +3 hunting sling
 E - a +1 dagger of venom
Missiles
 e - 6 tomahawks (quivered)
 j - 130 stones
 x - a throwing net
Armour
 f - a +0 robe (worn)
 t - a +0 hat
 y - a scarf of resistance (worn)
 B - a +1 helmet (worn)
 I - a +0 pair of boots (worn)
Jewellery
 o - an amulet of regeneration (around neck)
 M - a ring of protection from magic (left hand)
Wands
 A - a wand of digging (14)
Scrolls
 m - 4 scrolls of remove curse
 q - 2 scrolls of blinking {unknown}
 s - 4 scrolls of teleportation {unknown}
 v - a scroll of noise {unknown}
 G - 2 scrolls of random uselessness {unknown}
 N - a scroll of enchant weapon {unknown}
 P - a scroll of enchant armour {unknown}
 Q - a scroll of immolation {unknown}
 R - a scroll of magic mapping {unknown}
Potions
 i - 2 potions of cancellation
 w - a potion of degeneration
 D - 2 potions of flight
 F - a potion of agility
 L - 3 potions of curing
 T - a potion of berserk rage
Comestibles
 d - 5 rations
 U - 4 chunks of flesh


   Skills:
 - Level 3.3 Fighting
 - Level 2.1 Dodging
 - Level 2.4 Stealth
 - Level 5.0 Spellcasting
 + Level 8.1 Conjurations
   Level 0.8 Summonings
 - Level 1.1 Translocations


You had 8 spell levels left.
You knew the following spells:

 Your Spells              Type           Power        Failure   Level  Hunger
a - Magic Dart            Conj           ####         1%          1    None
b - Conjure Flame         Conj/Fire      #####...     1%          3    #......
l - Blink                 Tloc           N/A          1%          2    None
m - Mephitic Cloud        Conj/Pois/Air  #####...     1%          3    #......

Your spell library contained the following spells:

 Spells                   Type           Power        Failure   Level  Hunger
 Call Imp                 Summ           ####....     1%          2    None
 Slow                     Hex            ###.....     1%          2    None


Dungeon Overview and Level Annotations

Branches:
Dungeon (6/15)
 Temple: D:4-7

Altars:
Ashenzari
Fedhas
Kikubaaqudgha
Nemelex Xobeh
Trog
Vehumet

Annotations:
D:4 Grinder, Natasha
D:5 exclusion: orc priest, Menkaure


Innate Abilities, Weirdness & Mutations

You are resistant to damage.
You can heal yourself by infusing magical energy.
You passively map a small area around you.
You do not regenerate.
You possess an exceptional clarity of mind.
Armour fits poorly on your strangely shaped body.
You are resistant to hostile enchantments. (MR+)


Message History

You feel agile all of a sudden.
Some of the chunks of flesh in your inventory have rotted away.
You feel much better. The yak closely misses you. The yak gores you.
The yak barely misses you.
Casting: Blink (safe; 1% risk of failure)
Confirm with . or Enter, or press ? or * to list all spells.
You blink.
The yak gores you. The yak gores you!
* * * LOW HITPOINT WARNING * * *
The yak gores you.
Press: ? - help, v - describe, . - travel
Here: a yak (severely wounded)
The floor.
Casting: Blink (safe; 1% risk of failure)
Confirm with . or Enter, or press ? or * to list all spells.
You blink.
The yak gores you!
* * * LOW HITPOINT WARNING * * *
The yak gores you!
You die...

########.....#....#
###...##.....+....#
'<..(<.......#....#
#............#....#
#.....##...##.....#
#.....##...###....#
#.....+.....#.....#
#.....#..>..#.....#
#.....#.....#...@Y##
########...##....Y.##
.., , #######ยง# ...
, ### ..o , , * , * *
,*


You could see 2 yaks.

Vanquished Creatures
  A yak (D:6)
  A necrophage (D:5)
  An ice beast (D:5)
  2 ogres
  A bullfrog (D:5)
  A wyvern zombie (Ossuary)
  A scorpion (D:2)
  3 centaur zombies (Ossuary)
  3 bullfrog zombies (Ossuary)
  2 hounds
  A bullfrog skeleton (D:5)
  A centaur skeleton (D:4)
  5 orc wizards
  4 worker ants
  A hound zombie (Ossuary)
  A hound skeleton (D:5)
  5 mummies (Ossuary)
  2 worker ant zombies (Ossuary)
  A gnoll (D:6)
  2 howler monkey zombies (Ossuary)
  A howler monkey skeleton (D:4)
  8 adders
  3 adder zombies (Ossuary)
  A worm (D:6)
  3 leopard geckos
  18 orcs
  2 bat zombies (D:2)
  6 giant cockroaches
  8 goblins
  8 hobgoblins
  8 jackals
  4 quokkas
  A ball python (D:3)
  4 bats
  5 frilled lizards
  2 giant cockroach zombies
  8 kobolds
  A quokka skeleton (D:5)
  2 quokka zombies (Ossuary)
  13 rats
145 creatures vanquished.

Notes
Turn   | Place    | Note
-------+----------+-------------------------------------------
     0 | D:1      | removed the Deep Dwarf Wizard began the quest for the Orb.
     0 | D:1      | Reached XP level 1. HP: 15/15 MP: 4/4
     8 | D:1      | Reached skill level 1 in Conjurations
   624 | D:1      | Reached XP level 2. HP: 22/22 MP: 1/5
   744 | D:1      | Reached skill level 2 in Conjurations
  1614 | D:2      | Reached XP level 3. HP: 14/28 MP: 0/7
  1832 | D:2      | Reached skill level 3 in Conjurations
  1859 | D:2      | Learned a level 2 spell: Blink
  1999 | D:2      | Noticed a scorpion
  2054 | D:2      | Reached XP level 4. HP: 15/36 MP: 0/8
  2338 | D:2      | Found a shattered altar of Ashenzari.
  2704 | D:3      | Reached skill level 4 in Conjurations
  2779 | D:3      | Learned a level 3 spell: Conjure Flame
  2965 | D:3      | Found a faded altar of an unknown god.
  3313 | D:3      | Noticed an ogre
  3340 | D:2      | Found an ancient bone altar of Kikubaaqudgha.
  3492 | D:2      | Reached XP level 5. HP: 24/42 MP: 3/9
  3592 | D:3      | Found a sparkling altar of Nemelex Xobeh.
  3970 | D:3      | Reached skill level 5 in Conjurations
  4319 | D:4      | Noticed an ogre
  4546 | D:4      | Noticed Natasha
  4559 | D:4      | Reached XP level 6. HP: 44/49 MP: 7/10
  4642 | D:4      | Noticed Grinder
  4707 | D:3      | Reached skill level 6 in Conjurations
  4891 | D:4      | Got an ichor-stained flail
  4894 | D:4      | Identified the +0 flail "Efeepsuc" {vamp, +Rage} (You found it on level 4 of the Dungeon)
  4962 | D:4      | Found a bloodstained altar of Trog.
  5030 | D:4      | Found a blossoming altar of Fedhas.
  5102 | D:4      | Reached XP level 7. HP: 46/55 MP: 2/12
  5331 | D:4      | Learned a level 3 spell: Mephitic Cloud
  5387 | D:5      | Entered Level 5 of the Dungeon
  5396 | D:5      | Found a sand-covered staircase.
  5403 | Ossuary  | Entered an ossuary
  5925 | Ossuary  | Reached skill level 1 in Fighting
  6712 | D:5      | Reached skill level 5 in Spellcasting
  6712 | D:5      | Reached XP level 8. HP: 30/69 MP: 4/15
  7152 | D:5      | Found a radiant altar of Vehumet.
  7253 | D:5      | Reached skill level 7 in Conjurations
  7366 | D:5      | Noticed Menkaure
  8017 | D:6      | Gained mutation: Armour fits poorly on your strangely shaped body. [potion of mutation]
  8017 | D:6      | Gained mutation: You possess an exceptional clarity of mind. [potion of mutation]
  8017 | D:6      | Gained mutation: You are resistant to hostile enchantments. (MR+) [potion of mutation]
  8026 | D:6      | Reached skill level 8 in Conjurations
  8043 | D:6      | Slain by a yak

Skill      XL: |  1  2  3  4  5  6  7  8 |
---------------+-------------------------+-----
Conjurations   | 1 2 3 4 5 6 8 |  8.1
Spellcasting   | 3 5 |  5.0
Fighting       | 3 |  3.3
Dodging        | |  2.1
Stealth        | |  2.4
Summonings     | |  0.8
Translocations | |  1.1

Action                   |  1- 3 |  4- 6 |  7- 9 || total
-------------------------+-------+-------+-------++-------
Melee: Hand axe          |     3 |       |       ||     3
       Dagger            |       |    16 |       ||    16
       Flail             |       |     8 |    64 ||    72
 Fire: Hunting sling     |     7 |     6 |       ||    13
 Cast: Magic Dart        |    90 |   156 |   180 ||   426
       Conjure Flame     |       |    10 |    25 ||    35
       Blink             |       |       |    17 ||    17
       Mephitic Cloud    |       |       |     2 ||     2
 Abil: Heal Wounds       |       |     1 |     1 ||     2
Evoke: Wand              |       |       |     1 ||     1
  Use: Scroll            |     1 |     1 |     4 ||     6
       Potion            |       |     1 |     7 ||     8
  Eat: Chunk             |     3 |    10 |     2 ||    15
       Ration            |       |     2 |     2 ||     4
Armor: Robe              |     2 |    11 |    21 ||    34
Dodge: Dodged            |    12 |    35 |    77 ||   124
